 Dungeon Crawl Stone Soup version 0.31-a0-115-g4708a659fe (webtiles) character file.

Game seed: 15394933967760892744

102 sanka the Digger (level 5, 0/28 HPs)
             Began as a Kobold Earth Elementalist on May 29, 2023.
             Slain by Ijyb the iguana (11 damage)
             ... on level 3 of the Dungeon.
             The game lasted 00:03:11 (2204 turns).

sanka the Digger (Kobold Earth Elementalist)        Turns: 2204, Time: 00:03:12

Health: 0/28       AC:  4    Str:  5    XL:     5   Next: 5%
Magic:  1/9        EV: 15    Int: 18    God:
Gold:   180        SH:  0    Dex: 16    Spells: 4/10 levels left

rFire   . . .        m - +1 dagger (freeze)
rCold   . . .        (no shield)
rNeg    . . .        a - +0 robe
rPois   .            k - +0 helmet
rElec   .            (no cloak)
rCorr   .            o - +0 pair of gloves
SInv    .            (no boots)
Will    .....        (no amulet)
Stlth   +++          (no ring)
HPRegen 0.24/turn    (no ring)
MPRegen 0.11/turn

%: no passive effects
@: no status effects
A: small, no large weapons, nightstalker 3
a: no special abilities


You were on level 3 of the Dungeon.
You visited 1 branch of the dungeon, and saw 3 of its levels.

You collected 180 gold pieces.


Innate Abilities, Weirdness & Mutations

You are small and have problems with some larger weapons.
You are completely attuned to the shadows.


   Skills:
 - Level 2.4 Dodging
 - Level 2.6 Stealth
 - Level 3.0 Spellcasting
 + Level 2.0 Conjurations
 - Level 1.0 Transmutations
 + Level 4.3 Earth Magic


You had 4 spell levels left.
You knew the following spells:

 Your Spells              Type           Power      Damage    Failure   Level
x - Stone Arrow           Conj/Erth      28%        3d8       13%         3
z - Sandblast             Erth           36%        2d10      2%          1
N - Passwall              Tmut/Erth      10%        N/A       9%          2

Your spell library contained the following spells:

 Spells                   Type           Power      Damage    Failure   Level
 Petrify                  Tmut/Erth      12%        N/A       50%         4

Inventory:

Hand Weapons
 m - a +1 dagger of freezing (weapon)
Armour
 a - a +0 robe (worn)
 k - a +0 helmet (worn)
 o - a +0 pair of gloves (worn)
Wands
 l - a wand of polymorph (3)
Scrolls
 c - a scroll of blinking {unknown}
 e - a scroll of identify {unknown}
 h - a scroll of fog {unknown}
 i - a scroll of vulnerability {unknown}
 n - a scroll of fear {unknown}
Potions
 b - 2 potions of magic
 d - a potion of lignification {unknown}
 f - 2 potions of curing {unknown}
 g - a potion of brilliance {unknown}
 j - a potion of attraction {unknown}

Dungeon Overview and Level Annotations

Branches:
Dungeon (3/15)

Altars:
Gozag

Annotations:
D:3 Ijyb

. ..▒▒▒▒
▒....▒▒▒
...)...▒▒
..▒..▒.l▒▒▒▒
▒▒b.▒.K..▒
▒▒.▒▒▒▒.▒
▒...)▒▒.▒
▒▒.▒....▒
▒▒▒▒...▒
▒▒..▒
▒▒▒▒...▒
..▒.▒▒
▒▒.▒..▒.▒
....
▒....▒..▒


You could see Ijyb the iguana.


Message History

The bat hits you but does no damage. Ijyb hits you with a +0 dagger.
The blast of sand hits Ijyb but does no damage.
The bat hits you. The bat hits you but does no damage.
Ijyb hits you with a +0 dagger. Ijyb misses you.
The blast of sand hits Ijyb.
Ijyb is lightly wounded.
The bat misses you. Ijyb hits you but does no damage.
The blast of sand hits Ijyb but does no damage.
Ijyb is lightly wounded.
The bat barely misses you. Ijyb hits you but does no damage.
Ijyb hits you with a +0 dagger.
Aiming: Polymorph
Aim: Ijyb, wielding a +0 dagger, wearing a +0 ring mail and carrying a wand of iceblast (7) (lightly wounded, will become a killer bee, a jelly, or an iguana, chance to affect: 57%) Ijyb evaporates and reforms as an iguana!
The bat barely misses you. The bat barely misses you.
The bat closely misses you. Ijyb attacks as you move away! Ijyb bites you!
* * * LOW HITPOINT WARNING * * *
The bat hits you.
* * * LOW HITPOINT WARNING * * *
Ijyb attacks as you move away! Ijyb bites you!
You die...

Action                     |  1- 3 |  4- 6 || total
---------------------------+-------+-------++-------
  Melee: Unarmed           |       |    23 ||    23
   Cast: Sandblast         |    48 |    49 ||    97
  Evoke: Wand              |       |     1 ||     1
 Armour: Robe              |     3 |     9 ||    12
         Skin              |       |    38 ||    38
  Dodge: Dodged            |     4 |    28 ||    32

Levels and vault maps discovered:
D:1:      spicycebolla_arrival_clurvy, layout_basic
D:2:      layout_rooms, basic_altar, hangedman_abyss_or_decor_stabs, uniq_robin
D:3:      layout_rooms, minmay_fractal_squares_gapless_5, uniq_ijyb

Notes
Turn   | Place    | Note
-------+----------+-------------------------------------------
     0 | D:1      | sanka the Kobold Earth Elementalist began the quest for the
                  | Orb.
     0 | D:1      | Reached XP level 1. HP: 10/10 MP: 3/3
   154 | D:1      | Reached XP level 2. HP: 15/15 MP: 3/5
   692 | D:1      | Reached XP level 3. HP: 19/19 MP: 5/7
   818 | D:1      | Reached skill level 3 in Spellcasting
   821 | D:1      | Learned a level 2 spell: Passwall
   825 | D:1      | Learned a level 3 spell: Stone Arrow
  1180 | D:2      | Reached skill level 1 in Conjurations
  1192 | D:2      | Reached XP level 4. HP: 24/24 MP: 4/8
  1192 | D:2      | Noticed Robin
  1263 | D:2      | Killed Robin
  1264 | D:2      | Reached skill level 4 in Earth Magic
  1744 | D:2      | Found an opulent altar of Gozag.
  1946 | D:3      | Reached skill level 2 in Conjurations
  2052 | D:3      | Reached XP level 5. HP: 28/28 MP: 6/9
  2188 | D:3      | Noticed Ijyb
  2199 | D:3      | Ijyb changed into Ijyb the iguana
  2199 | D:3      | Noticed Ijyb
  2204 | D:3      | Slain by Ijyb the iguana

Vanquished Creatures
  Robin (D:2)
  2 adders
  A worm (D:2)
  An orc (D:3)
  4 endoplasms
  2 giant cockroaches
  13 goblins
  6 hobgoblins
  7 kobolds
  4 quokkas
  8 ball pythons
  6 bats
  6 frilled lizards
  4 rats
65 creatures vanquished.
